 Dungeon Crawl Stone Soup version 0.27-a0-1434-g6f15984 (webtiles) character file.

Game seed: 3802096672749165943

601639 Meow the Earth Mage (level 27, -23/327 HPs)
             Began as a Naga Ice Elementalist on July 1, 2021.
             Was an Initiate of Gozag.
             Killed from afar by a Hell Sentinel (52 damage)
             ... with damnation
             ... created by a Zot trap
             ... on level 2 of the Crypt on July 2, 2021.
             The game lasted 05:40:11 (70878 turns).

Meow the Earth Mage (Naga Ice Elementalist)        Turns: 70878, Time: 05:40:11

Health: -23/327    AC: 32    Str: 14    XL:     27
Magic:  1/54       EV: 15    Int: 29    God:    Gozag
Gold:   8185       SH: 13    Dex: 14    Spells: 4/63 levels left

rFire    + + .     SeeInvis +   a - +6 broad axe (spect)
rCold    . . .     Faith    .   h - +2 kite shield {reflect}
rNeg     + + .     Spirit   .   (armour currently unavailable)
rPois    ∞         Reflect  +   X - +2 hood of the Assassin {Detection Stab+ Stlth++}
rElec    +         Harm     .   p - +2 cloak
rCorr    .         Rampage  .   (gloves currently unavailable)
Will     +++..                  (no barding)
Stlth    +++.......             o - amulet "Wirrorrint" {Acrobat rElec MP+9 Str+2 Dex-3}
HPRegen  0.64/turn              V - ring of Ashenzari's Grace {rF+ rC+ Int+3}
MPRegen  0.34/turn              Z - ring "Viulacom" {rF+ rC- rN+ Str+2 Dex+2}

@: statue-form, heavily contaminated, hasted, glowing, studying Shields
A: slow and powerful, torment resistance 1, boosted hp, AC +9, large, see
invisible, deformed body, poison resistance, (slowness 2), spit poison 1, naga
tail 2, subdued magic 1
}: 3/15 runes: barnacled, silver, gossamer
a: Spit Poison, End Transformation, Renounce Religion, Potion Petition, Call
Merchant, Bribe Branch


You were on level 2 of the Crypt.
You worshipped Gozag.
Gozag was greatly pleased with you.
You were a living statue of rough stone.
You visited 10 branches of the dungeon, and saw 47 of its levels.
You visited the Abyss 1 time.
You also visited: Bailey, Ice Cave and Desolation.

You collected 32702 gold pieces.
You spent 8381 gold pieces at shops.
You paid 16136 gold pieces to Gozag.

Inventory:

Hand Weapons
 a - a +6 spectral broad axe (weapon)
 k - the +14 obsidian axe {vorpal, Drain Fly SInv}
   (You acquired it on level 4 of the Depths)

   It inflicts extra damage upon your enemies.
   SInv:      It lets you see invisible.
   Fly:       It grants you flight.
   Drain:     It drains your maximum health when unequipped.
Missiles
 e - 2197 stones (quivered)
 y - 13 throwing nets
Armour
 h - a +2 kite shield of reflection (worn)
 p - a +2 cloak (worn)
 r - a +4 barding (melded)
 G - the +1 leather armour of Sin (melded) {rC++ Regen+ Str-3 SInv}
   (You bought it in a shop on level 1 of the Lair of Beasts)

   Str:       It affects your strength (-3).
   rC:        It greatly protects you from cold.
   SInv:      It lets you see invisible.
   Regen:     It increases your rate of health regeneration.
 H - the +1 pair of gloves of Benevolence (melded) {rCorr Str+5}
   (You bought it in a shop on level 1 of the Lair of Beasts)

   Str:       It affects your strength (+5).
   rCorr:     It protects you from acid and corrosion.
 X - the +2 hood of the Assassin (worn) {Detection Stab+ Stlth++}
   (You bought it in a shop on level 11 of the Dungeon)

   Stlth:     It makes you much more stealthy.
Jewellery
 c - the ring of Yleunt {Ice rN+ rCorr}
   (You found it on level 3 of the Depths)

   [ring of ice]

   It enhances your ice magic.
   rF:        It makes you vulnerable to fire.
   rC:        It protects you from cold.
   rN:        It protects you from negative energy.
   rCorr:     It protects you from acid and corrosion.
 m - the amulet "Dewof" {Reflect Str+4 SH+5}
   (You took it off a frost giant on level 5 of the Vaults)

   [amulet of reflection]

   It reflects blocked missile attacks.
   Str:       It affects your strength (+4).
   SH:        It affects your SH (+5).
 o - the amulet "Wirrorrint" (around neck) {Acrobat rElec MP+9 Str+2 Dex-3}
   (You acquired it on level 6 of the Lair of Beasts)

   [amulet of the acrobat]

   It increases your evasion while moving and waiting.
   Str:       It affects your strength (+2).
   Dex:       It affects your dexterity (-3).
   rElec:     It insulates you from electricity.
   MP:        It affects your magic capacity (+9).
 A - the ring of Lufiugud {+Blink rF- rC+ Will+++}
   (You found it on level 10 of the Dungeon)

   [ring of protection from cold]

   rF:        It makes you vulnerable to fire.
   rC:        It protects you from cold.
   +Blink:    It lets you blink.
   Will:      It greatly increases your willpower.
 V - the ring of Ashenzari's Grace (left fist) {rF+ rC+ Int+3}
   (You bought it in a shop on level 1 of the Orcish Mines)

   [ring of protection from fire]

   Int:       It affects your intelligence (+3).
   rF:        It protects you from fire.
   rC:        It protects you from cold.
 Y - the ring of Gaosol {Fly rC+}
   (You found it in the Desolation of Salt)

   [ring of flight]

   rC:        It protects you from cold.
   Fly:       It grants you flight.
 Z - the ring "Viulacom" (right fist) {rF+ rC- rN+ Str+2 Dex+2}
   (You took it off a centaur warrior on level 15 of the Dungeon)

   [ring of protection from fire]

   Str:       It affects your strength (+2).
   Dex:       It affects your dexterity (+2).
   rF:        It protects you from fire.
   rC:        It makes you vulnerable to cold.
   rN:        It protects you from negative energy.
Wands
 j - a wand of iceblast (65)
 v - a wand of paralysis (6)
 C - a wand of acid (27)
 K - a wand of digging (13)
Scrolls
 d - 2 scrolls of enchant armour
 g - 13 scrolls of teleportation
 n - 8 scrolls of magic mapping
 t - 6 scrolls of fear
 u - 3 scrolls of silence
 J - 2 scrolls of brand weapon
 L - 8 scrolls of amnesia
 P - 5 scrolls of fog
 Q - 28 scrolls of identify
 S - 6 scrolls of summoning
 T - 5 scrolls of blinking
Potions
 b - 9 potions of lignification
 f - 4 potions of resistance
 i - 5 potions of might
 l - 13 potions of curing
 q - 4 potions of heal wounds
 s - 8 potions of magic
 w - 8 potions of flight
 x - 10 potions of brilliance
 z - 17 potions of ambrosia
 D - 5 potions of mutation
 E - a potion of cancellation
 N - 2 potions of invisibility
 R - 5 potions of haste
 W - 5 potions of berserk rage
Miscellaneous
 F - a lightning rod (4/4)
 I - a condenser vane
 O - a box of beasts
 U - a phantom mirror


   Skills:
 - Level 16.0 Fighting
 + Level 17.4 Axes
 - Level 12.0 Dodging
 - Level 13.0 Stealth
 - Level 9.0 Shields
 + Level 18.7 Spellcasting
 - Level 20.0 Conjurations
 + Level 17.5 Ice Magic
 - Level 20.0 Earth Magic


You had 4 spell levels left.
You knew the following spells:

 Your Spells              Type           Power      Damage    Failure   Level
a - Freeze                Ice            100%       1d11      0%          1
c - Mephitic Cloud        Conj/Pois/Air  50%        N/A       1%          3
d - Hailstorm             Conj/Ice       81%        3d16      0%          4
e - Ozocubu's Armour      Ice            78%        N/A       0%          3
f - Frozen Ramparts       Ice            100%       1d12      0%          3
g - Orb of Destruction    Conj           41%        9d14      1%          7
h - Bolt of Magma         Conj/Fire/Erth 34%        4d15      1%          5
t - Irradiate             Conj/Tmut      30%        3d23      1%          5
A - Stone Arrow           Conj/Erth      100%       3d13      0%          3
B - Iskenderun's Mystic   Conj/Tloc      60%        2d13      1%          4
E - Blink                 Tloc           N/A        N/A       1%          2
F - Freezing Cloud        Conj/Ice/Air   33%        6-21      1%          5
G - Lehudib's Crystal Sp  Conj/Erth      41%        10d10     1%          8
T - Statue Form           Tmut/Erth      40%        N/A       2%          6

Your spell library contained the following spells:

 Spells                   Type           Power      Damage    Failure   Level
 Foxfire                  Conj/Fire      100%       2x1d9     0%          1
 Magic Dart               Conj           100%       1d8       0%          1
 Sandblast                Erth           100%       2d20      0%          1
 Shock                    Conj/Air       100%       1d9       0%          1
 Searing Ray              Conj           100%       3d7       0%          2
 Apportation              Tloc           40%        N/A       1%          1
 Beastly Appendage        Tmut           40%        N/A       1%          1
 Corona                   Hex            22%        N/A       1%          1
 Pain                     Necr           80%        1d8       1%          1
 Sting                    Tmut/Pois      80%        1d7       1%          1
 Summon Small Mammal      Summ           80%        N/A       1%          1
 Call Imp                 Summ           20%        N/A       1%          2
 Corpse Rot               Necr/Air       N/A        N/A       1%          2
 Ensorcelled Hibernation  Hex/Ice        100%       N/A       1%          2
 Passwall                 Tmut/Erth      50%        N/A       1%          2
 Poisonous Vapours        Pois/Air       40%        N/A       1%          2
 Slow                     Hex            20%        N/A       1%          2
 Static Discharge         Conj/Air       60%        N/A       1%          2
 Sublimation of Blood     Necr           10%        N/A       1%          2
 Wereblood                Tmut           20%        N/A       1%          2
 Conjure Flame            Conj/Fire      60%        6-21      1%          3
 Dazzling Flash           Conj/Hex       100%       N/A       1%          3
 Animate Armour           Summ/Erth      100%       N/A       1%          4
 Fulminant Prism          Conj/Hex       30%        3d16      1%          4
 Ice Form                 Ice/Tmut       56%        N/A       1%          4
 Leda's Liquefaction      Hex/Erth       30%        N/A       1%          4
 Petrify                  Tmut/Erth      60%        N/A       1%          4
 Sticky Flame             Conj/Fire      60%        2d8       1%          4
 Summon Ice Beast         Ice/Summ       56%        N/A       1%          4
 Call Canine Familiar     Summ           20%        N/A       3%          3
 Confusing Touch          Hex            20%        N/A       3%          3
 Gell's Gravitas          Tloc           10%        N/A       3%          3
 Ignite Poison            Fire/Tmut/Pois 20%        N/A       3%          3
 Inner Flame              Hex/Fire       20%        N/A       3%          3
 Lesser Beckoning         Tloc           10%        N/A       3%          3
 Portal Projectile        Hex/Tloc       40%        N/A       3%          3
 Spider Form              Tmut/Pois      10%        N/A       3%          3
 Summon Guardian Golem    Hex/Summ       20%        N/A       3%          3
 Swiftness                Air            20%        N/A       3%          3
 Teleport Other           Tloc           20%        N/A       3%          3
 Tukima's Dance           Hex            20%        N/A       3%          3
 Airstrike                Air            10%        N/A       13%         4
 Animate Dead             Necr           10%        N/A       13%         4
 Cause Fear               Hex            10%        N/A       13%         4
 Dispel Undead            Necr           20%        3d11      13%         4
 Passage of Golubria      Tloc           N/A        N/A       13%         4
 Summon Lightning Spire   Summ/Air       20%        N/A       13%         4
 Iskenderun's Battlesphe  Conj           83%        2d13      0%          5
 Lee's Rapid Deconstruct  Erth           41%        3d21*     0%          5
 Borgnjor's Vile Clutch   Necr/Erth      30%        N/A       1%          5
 Fireball                 Conj/Fire      30%        3d13      1%          5
 Lightning Bolt           Conj/Air       30%        1d47      1%          5
 Metabolic Englaciation   Hex/Ice        28%        N/A       1%          5
 Iron Shot                Conj/Erth      41%        9d8       1%          6
 Ozocubu's Refrigeration  Ice            39%        4d12      1%          7
 Conjure Ball Lightning   Conj/Air       30%        3x3d10    2%          6
 Starburst                Conj/Fire      30%        8x6d9     2%          6
 Simulacrum               Ice/Necr       28%        N/A       4%          6
 Spellforged Servitor     Conj/Summ      30%        N/A       19%         7
 Agony                    Necr           20%        N/A       34%         5
 Alistair's Intoxication  Tmut/Pois      13%        N/A       34%         5
 Blade Hands              Tmut           10%        N/A       34%         5
 Excruciating Wounds      Necr           10%        N/A       34%         5
 Manifold Assault         Tloc           20%        N/A       34%         5
 Summon Forest            Summ/Tloc      10%        N/A       34%         5
 Summon Mana Viper        Hex/Summ       20%        N/A       34%         5
 Yara's Violent Unravell  Hex/Tmut       10%        3d6       34%         5
 Polar Vortex             Ice            39%        N/A       71%         9
 Death Channel            Necr           10%        N/A       91%         6
 Dispersal                Tloc           10%        N/A       91%         6
 Eringya's Noxious Bog    Tmut/Pois      10%        N/A       91%         6
 Invisibility             Hex            10%        N/A       91%         6
 Shadow Creatures         Summ           N/A        N/A       91%         6
 Dragon Form              Tmut           10%        N/A       100%        7
 Haunt                    Necr/Summ      10%        N/A       100%        7
 Malign Gateway           Summ/Tloc      10%        N/A       100%        7
 Monstrous Menagerie      Summ           10%        N/A       100%        7
 Storm Form               Tmut/Air       10%        N/A       100%        7
 Summon Hydra             Summ           10%        N/A       100%        7
 Borgnjor's Revivificati  Necr           10%        N/A       100%        8
 Discord                  Hex            10%        N/A       100%        8
 Disjunction              Tloc           10%        N/A       100%        8
 Ignition                 Fire           10%        3d5       100%        8
 Maxwell's Capacitive Co  Air            10%        ∞         100%        8
 Necromutation            Tmut/Necr      10%        N/A       100%        8
 Chain Lightning          Conj/Air       30%        3d40      100%        9
 Death's Door             Necr           10%        N/A       100%        9
 Dragon's Call            Summ           10%        N/A       100%        9


Dungeon Overview and Level Annotations

Branches:
Dungeon (15/15)            Temple (1/1) D:4            Lair (6/6) D:8
 Shoals (4/4) Lair:4       Spider (4/4) Lair:2        Slime (0/5) Lair:5
    Orc (2/2) D:11            Elf (3/3) Orc:2        Vaults (5/5) D:14
  Crypt (2/3) Vaults:2     Depths (5/5) D:15            Zot (0/5) Depths:5
 Bailey (visited)           IceCv (visited)         Desolation (visited)

Altars:
Ashenzari
Cheibriados
Dithmenos
Elyvilon
Fedhas
Gozag
Hepliaklqana
Kikubaaqudgha
Makhleb
Nemelex Xobeh
Okawaru
Qazlal
Ru
Sif Muna
Trog
Uskayaw
Vehumet
Wu Jian
Xom
Yredelemnul
Zin
The Shining One
Beogh
Jiyva
Lugonu

Shops:
D:3 !   D:11 [   D:13 (   Orc:1 [=   Orc:2 ??[:?   Elf:3 (*
Lair:1 *=**[[[*[[[   Vaults:1 (?[!*   Vaults:3 !   Vaults:5 ?!??   Depths:1 :

Portals:
Hell: Depths:1 Depths:2 Depths:3 Depths:4 Depths:5
Abyss: Depths:3 Depths:4
Pandemonium: Orc:2 Depths:3
Ziggurat: Depths:1


Innate Abilities, Weirdness & Mutations

You are a living statue of rough stone.
Your actions are slow, but your melee attacks are powerful.
You are resistant to unholy torment.
Your maximum health is greatly increased.
Your equipment is partially melded.
((Your serpentine skin is tough. (AC +9)))
You have supernaturally acute eyesight. (SInv)
Armour fits poorly on your strangely shaped body.
Your system is resistant to poisons. (rPois)
((You cover ground very slowly.))
You can spit poison.
You can use your snake-like lower body to constrict enemies.
Your spells are a little easier to cast, but a little less powerful.


Message History

The wavering orb of destruction weakly hits the Hell Sentinel!!
The Hell Sentinel is severely wounded.
Casting: Orb of Destruction (mildly dangerous; 1% risk of failure)
Confirm with . or Enter, or press ? or * to list all spells.
Aiming: Orb of Destruction (mildly dangerous; 1% risk of failure)
Press: ? - help, Shift-Dir - straight line, f/p - Hell Sentinel
Aim: a Hell Sentinel (severely wounded, durably summoned)
The wavering orb of destruction weakly hits the Hell Sentinel!!
The Hell Sentinel is almost dead.
The Hell Sentinel gestures at you.
The sphere of damnation explodes!
The damnation engulfs you!!!
* * * LOW HITPOINT WARNING * * *
The damnation engulfs the Hell Sentinel.
The Hell Sentinel completely resists.
You feel much better. You block the Hell Sentinel's attack.
The Hell Sentinel hits you but does no damage.
You feel much better. The Hell Sentinel gestures at you.
The iron shot hits you!!!
* * * LOW HITPOINT WARNING * * *
Okay, then.
Unknown command.
Casting: Orb of Destruction (mildly dangerous; 1% risk of failure)
Confirm with . or Enter, or press ? or * to list all spells.
You erupt in a fountain of uncontrolled magic!
The Hell Sentinel is blasted with magical radiation!
The Hell Sentinel is almost dead.
The Hell Sentinel twists and deforms.
The Hell Sentinel barely misses you. The Hell Sentinel closely misses you.
You feel much better. The Hell Sentinel gestures at you.
The sphere of damnation explodes!
The damnation engulfs you!!
* * * LOW HITPOINT WARNING * * *
The damnation engulfs the Hell Sentinel.
The Hell Sentinel completely resists.
You feel much better. The Hell Sentinel gestures at you.
The sphere of damnation explodes!
The damnation engulfs you!!!
You die...
Your body crumbles into a pile of gold.

........#
##..###.#.^#### #
........##
#.^.....#^.§^.# ###
........##
#.^^..#.§§#§§§###..
........##
+^^....§#.#§§§###..
..###..©###
#^....#^^.§§§©###©.
..# ##..###!
+^^^..^.#.#§§§###..
..# ######^$
#.^^..#^$.#§§.#####
..# ##
#.^^..^^#§§§§§# #..
..# ##81###§#§§####
#.. ..# ###......##
#.. .^# ##^##^##
##. ..# ###### #.
..# ### ##' ..#
##########.### ##..
..# #............#
##... ..#
#............#
##.... ..#
#............#
#.....


You could see a Hell Sentinel (misshapen).

Vanquished Creatures
  2 dread liches
  2 ancient liches (Vaults:5)
  Mennas (Depths:4)
  Sojobo (Depths:5)
  The ghost of lightray the Fighter, a veteran HuCK of Xom (Depths:4)
  Saint Roka (Crypt:1)
  A golden dragon (Depths:4)
  2 caustic shrikes
  The ghost of Toastz the Slayer, an adept HOMo of Beogh (Vaults:3)
  Arachne (Spider:2)
  The ghost of Veggoist the Bludgeoner, a veteran GrGl of Okawaru (Vaults:1)
  2 bone dragons
  Jorgrun (Orc:2)
  Rupert (D:12)
  6 tentacled monstrosities
  Asterion (Elf:1)
  An Ice Fiend (IceCv)
  4 titans
  4 deep elf master archers (Elf:3)
  A quicksilver dragon (Depths:2)
  2 liches
  4 deep elf blademasters
  2 ancient champions
  A kraken (Shoals:4)
  Frances (D:12)
  7 sphinxes
  4 storm dragons
  Roxanne (Shoals:1)
  5 shadow dragons
  7 tengu reavers
  3 revenants
  Donald (Shoals:4)
  5 fire giants
  3 imperial myrmidons (Desolation)
  A cacodemon (Abyss:2)
  3 emperor scorpions
  5 ghost moths
  Aizul (Shoals:3)
  A draconian knight (Depths:5)
  8 deep elf sorcerers
  5 deep elf elementalists
  3 iron dragons
  Louise (Spider:2)
  6 frost giants
  A reaper (Abyss:2)
  17 vault wardens
  A ghoul (Crypt:1)
  18 stone giants
  2 caustic shrike skeletons
  A curse skull (Crypt:2)
  7 quicksilver oozes (Depths:4)
  18 ironbound preservers
  32 very ugly things
  6 war gargoyles
  5 vampire knights
  Nessos (D:12)
  6 deep elf demonologists
  A black draconian (Depths:5)
  Azrael (Orc:2)
  A yellow draconian (Depths:5)
  4 entropy weavers
  11 deep elf annihilators
  2 halazid warlocks (Desolation)
  9 dire elephants
  2 white draconians (Depths:5)
  6 spark wasps
  3 eidola
  8 deep elf death magi
  A quicksilver dragon zombie (Crypt:1)
  7 crystal guardians
  Josephine (D:11)
  12 fire dragons
  7 merfolk javelineers
  10 merfolk impalers
  15 yaktaur captains
  13 ettins
  7 ice dragons
  7 jiangshi
  A fire dragon (shapeshifter) (Elf:1)
  12 great orbs of eyes
  4 deep elf high priests
  8 ragged hierophants
  5 rakshasas
  Erolcha (Orc:2)
  8 ironbound thunderhulks
  Harold (D:9)
  6 ogre magi
  5 hydras
  5 servants of whispers (Desolation)
  2 catoblepae
  A fenstrider witch zombie (Crypt:1)
  13 peacekeepers
  31 vault guards
  6 boulder beetles
  A fenstrider witch skeleton (Crypt:2)
  A death knight (Crypt:1)
  A merfolk avatar (Shoals:2)
  4 merfolk aquamancers
  18 centaur warriors
  6 spriggan air magi
  3 alligator snapping turtles (Shoals:4)
  13 two-headed ogres
  9 satyrs
  10 ironbound frosthearts
  5 death yaks
  10 tengu warriors
  4 vampire magi
  2 two-headed ogres (shapeshifter) (Vaults:5)
  7 deep troll earth magi
  6 spriggan berserkers
  7 deep troll shamans
  8 ironbound beastmasters
  A thrashing horror (Abyss:2)
  9 orc high priests
  A hell knight (Depths:4)
  4 soul eaters
  A shock serpent (shapeshifter) (Vaults:5)
  25 deep elf knights
  2 wretched stars (Abyss:2)
  20 skeletal warriors
  A shadow wraith (Abyss:2)
  2 sun demons
  3 iron trolls
  A torturous demonspawn (Orc:2)
  An orange crystal statue (Depths:3)
  A sea snake (shapeshifter) (Depths:4)
  6 glowing orange brains
  36 deep trolls
  5 flayed ghosts
  11 starcursed masses (Abyss:2)
  16 deep elf archers
  15 sea snakes
  14 wizards
  A lindwurm (shapeshifter) (Depths:4)
  25 ironbound convokers
  11 phantasmal warriors
  Pikel (D:9)
  A gelid demonspawn (Orc:2)
  85 ugly things
  30 deep elf zephyrmancers
  33 wolf spiders
  40 deep elf pyromancers
  A harpy (shapeshifter) (D:15)
  5 orc sorcerers
  36 harpies
  3 lindwurms (Vaults:1)
  2 necromancers
  A stone giant zombie (Crypt:1)
  12 cyclopes
  19 manticores
  9 orc knights
  A worldbinder (Abyss:2)
  16 orb spiders
  25 fauns
  A wolf spider (shapeshifter) (Vaults:5)
  4 oklob plants (Lair:4)
  A salamander (shapeshifter) (Vaults:5)
  12 elephants
  8 merfolk sirens
  3 large abominations (Abyss:2)
  A moth of wrath (shapeshifter) (Elf:1)
  An iron dragon skeleton (Crypt:2)
  A dire elephant zombie (Crypt:1)
  An eleionoma skeleton (Crypt:1)
  19 vault sentinels
  A rust devil (Orc:2)
  2 black mambas
  9 water nymphs
  9 guardian serpents (Desolation)
  A molten gargoyle (Desolation)
  A gargoyle (D:13)
  6 ice statues
  35 cane toads
  A torpor snail (Lair:2)
  4 orange demons
  4 centaur skeletons (D:14)
  6 smoke demons (Abyss:2)
  An unseen horror (shapeshifter) (D:13)
  Maggie (D:7)
  2 efreet
  13 komodo dragons
  A dire elephant skeleton (Crypt:2)
  A spriggan skeleton (Depths:2)
  2 unseen horrors
  2 emperor scorpion zombies (Crypt:1)
  12 demonic crawlers
  A hellwing (Depths:3)
  3 freezing wraiths
  2 rime drakes (Lair:6)
  38 yaktaurs
  A catoblepas zombie (Crypt:1)
  Psyche (D:11)
  8 tengu conjurers
  2 guardian mummies (Crypt:1)
  A kobold demonologist (D:11)
  11 ice devils (IceCv)
  A death yak zombie (Crypt:1)
  2 tormentors
  An anaconda simulacrum (IceCv)
  2 ancient zymes (Abyss:2)
  4 trolls
  32 merfolk
  3 red devils
  An elf skeleton (Depths:2)
  28 jumping spiders
  9 hornets
  5 tyrant leeches (Lair:6)
  2 polar bears
  A queen bee (Lair:2)
  A death drake zombie (Crypt:1)
  A harpy zombie (Crypt:1)
  3 meliai (D:15)
  70 saltlings
  24 slime creatures
  10 wind drakes
  5 snapping turtles
  A wind drake (shapeshifter) (Vaults:5)
  16 blink frogs
  4 dream sheep
  32 tarantellas
  A fire dragon skeleton (Crypt:1)
  3 air elementals
  An elf zombie (Depths:2)
  A redback (shapeshifter) (Depths:4)
  38 yaks
  3 ynoxinuls
  A vampire (D:11)
  A shadow (D:9)
  37 redbacks
  4 basilisks
  A spriggan (Depths:3)
  22 water elementals
  6 wraiths
  2 dire elephant simulacra (IceCv)
  12 fire elementals
  8 vampire mosquitoes
  A redback simulacrum (D:15)
  2 chaos spawn
  A neqoxec (Abyss:2)
  A harpy simulacrum (IceCv)
  2 wargs
  A merfolk zombie (Crypt:2)
  2 acid dragons (D:11)
  3 iron troll simulacra (IceCv)
  3 hydra simulacra (IceCv)
  A floating eye (Depths:4)
  3 hell hounds
  17 water moccasins
  A black bear (Lair:5)
  A hornet zombie (D:8)
  48 orc warriors
  2 ice beasts
  A sky beast (D:6)
  A black bear (shapeshifter) (Elf:3)
  A fire dragon simulacrum (Abyss:2)
  3 necrophages
  8 ogres
  A snapping turtle zombie (Crypt:1)
  5 wolves
  11 centaurs
  A boggart (D:15)
  A snapping turtle skeleton (Abyss:2)
  2 lemures (D:9)
  A phantom (D:4)
  4 kobold brigands
  19 bullfrogs
  3 gnoll sergeants
  5 small abominations (Abyss:2)
  Blork the orc (D:4)
  2 scorpions
  4 earth elementals
  A yaktaur skeleton (Crypt:2)
  A wyvern skeleton (D:5)
  3 water moccasin zombies (D:5)
  A water moccasin skeleton (D:6)
  39 killer bees
  15 wights
  3 howler monkeys
  A polar bear skeleton (Crypt:2)
  7 electric eels
  A lava snake (D:11)
  2 bullfrog zombies
  5 centaur zombies
  A bullfrog skeleton (D:7)
  4 hounds
  4 jellies
  2 gnoll shamans
  A human zombie (Crypt:1)
  32 orc priests
  An iron imp (Abyss:2)
  4 iguanas
  A human skeleton (Crypt:1)
  24 orc wizards
  9 hell rats (Lair:2)
  A hound zombie (D:5)
  8 mummies (Crypt:1)
  A howler monkey zombie (D:6)
  6 adders
  25 gnolls
  14 river rats (Lair:2)
  3 shadow imps
  A swamp drake skeleton (Crypt:1)
  3 white imps
  2 ufetubi (D:6)
  An iguana skeleton (Crypt:2)
  3 worms
  3 dart slugs
  123 orcs
  4 endoplasms
  3 giant cockroaches
  17 hobgoblins
  13 jackals
  18 kobolds
  14 quokkas
  9 ball pythons
  11 bats
  2 frilled lizards
  A frilled lizard skeleton (Crypt:2)
  24 goblins
  A jackal skeleton (D:4)
  11 rats
  A lurking horror (Abyss:2)
  A pillar of salt (Desolation)
  3 tentacles (Shoals:4)
2399 creatures vanquished.

Vanquished Creatures (others)
  A war gargoyle (Vaults:5)
  35 dancing weapons
  A vampire mage (Crypt:2)
  3 deep elf knights
  A deep troll (Depths:4)
  2 wizards (Vaults:2)
  A phantasmal warrior (Depths:3)
  A saltling (Desolation)
  An air elemental (Elf:3)
  2 small abominations (Abyss:2)
  17 fungi
  352 plants
  7 tentacles (Shoals:4)
  7 withered plants
431 creatures vanquished.

Grand Total: 2830 creatures vanquished

Notes
Turn   | Place    | Note
-------+----------+-------------------------------------------
     0 | D:1      | Meow the Naga Ice Elementalist began the quest for the Orb.
     0 | D:1      | Reached XP level 1. HP: 15/15 MP: 3/3
   129 | D:1      | Reached XP level 2. HP: 22/22 MP: 5/5
   580 | D:1      | Reached XP level 3. HP: 27/28 MP: 3/6
   584 | D:1      | Learned a level 3 spell: Frozen Ramparts
  1198 | D:2      | Found a shimmering altar of Xom.
  1328 | D:2      | Reached XP level 4. HP: 36/36 MP: 6/8
  1418 | D:2      | Upgraded the game from 0.27-a0-1417-g4c841f6 to
                  | 0.27-a0-1419-gc69eb68
  1421 | D:2      | Learned a level 2 spell: Searing Ray
  2583 | D:3      | Reached skill level 5 in Stealth
  2787 | D:3      | Found Zunez's Distillery.
  2791 | D:3      | Bought a potion of heal wounds for 70 gold pieces
  2942 | D:4      | Noticed an ogre
  2950 | D:3      | Reached XP level 5. HP: 35/42 MP: 9/9
  3124 | D:3      | Learned a level 3 spell: Ozocubu's Armour
  3134 | D:3      | Reached skill level 5 in Ice Magic
  3189 | D:4      | Killed an ogre
  3190 | D:4      | Reached XP level 6. HP: 49/49 MP: 8/11
  3348 | D:4      | Noticed Blork the orc
  3360 | D:4      | Killed Blork the orc
  3361 | D:4      | Reached skill level 1 in Conjurations
  3453 | D:4      | Found a staircase to the Ecumenical Temple.
  3463 | Temple   | Entered the Ecumenical Temple
  3533 | Temple   | Became a worshipper of Gozag Ym Sagoz the Greedy
  3755 | D:4      | Noticed a necrophage
  3768 | D:4      | Killed a necrophage
  3771 | D:4      | Reached XP level 7. HP: 44/55 MP: 5/13
  4157 | D:4      | Learned a level 3 spell: Stone Arrow
  4158 | D:5      | Entered Level 5 of the Dungeon
  4341 | D:5      | Reached XP level 8. HP: 55/62 MP: 4/14
  4964 | D:5      | Reached skill level 5 in Spellcasting
  4994 | D:5      | Reached skill level 5 in Conjurations
  5169 | D:5      | Noticed a yak
  5169 | D:5      | Noticed a yak
  5170 | D:5      | Noticed a yak
  5170 | D:5      | Noticed a yak
  5173 | D:5      | Noticed a yak
  5178 | D:5      | Killed a yak
  5178 | D:5      | Killed a yak
  5179 | D:5      | Reached XP level 9. HP: 68/68 MP: 10/17
  5276 | D:5      | Learned a level 4 spell: Hailstorm
  5276 | D:5      | Found a shadowy altar of Dithmenos.
  5320 | D:5      | Found a burning altar of Makhleb.
  5880 | D:6      | Reached skill level 10 in Stealth
  5888 | D:6      | Found a glowing drain.
  5908 | D:6      | Upgraded the game from 0.27-a0-1419-gc69eb68 to
                  | 0.27-a0-1420-g4d0b0a1
  6278 | D:6      | Reached XP level 10. HP: 57/75 MP: 19/19
  6753 | D:7      | Found a blossoming altar of Fedhas.
  6900 | D:7      | Noticed Maggie
  7007 | D:8      | Found a flagged portal.
  7029 | Bailey   | Entered a bailey
  7120 | Bailey   | Found an iron altar of Okawaru.
  7120 | Bailey   | Noticed an orc sorcerer
  7121 | Bailey   | Noticed an orc sorcerer
  7129 | Bailey   | Killed an orc sorcerer
  7177 | Bailey   | Killed an orc sorcerer
  7429 | Bailey   | Reached skill level 5 in Fighting
  8082 | D:8      | Learned a level 4 spell: Iskenderun's Mystic Blast
  8082 | D:8      | Acquired 1038 gold pieces
  8116 | D:8      | Found a staircase to the Lair.
  8774 | Lair:1   | Entered Level 1 of the Lair of Beasts
  8780 | Lair:1   | Bought a pair of distressingly furry gloves for 285 gold
                  | pieces
  8780 | Lair:1   | Identified the +1 pair of gloves of Benevolence {rCorr
                  | Str+5} (You bought it in a shop on level 1 of the Lair of
                  | Beasts)
  8780 | Lair:1   | Bought a jet-studded leather armour for 210 gold pieces
  8780 | Lair:1   | Identified the +3 leather armour of Weightlessness {rCorr
                  | Int-2 Stlth+} (You bought it in a shop on level 1 of the
                  | Lair of Beasts)
  8797 | Lair:1   | Bought a shimmering jade ring for 105 gold pieces
  8797 | Lair:1   | Identified the ring of Autotheism {rPois rCorr Int+3 Dex+3}
                  | (You bought it in a shop on level 1 of the Lair of Beasts)
  8863 | Lair:1   | Reached XP level 11. HP: 103/103 MP: 18/20
  9711 | Lair:2   | Identified the +11 mace "Beboemm" {elec, rElec Str+4}
  9763 | Lair:2   | Reached skill level 1 in Shields
  9769 | Lair:2   | Found a hole to the Spider Nest.
 10620 | Lair:2   | Reached XP level 12. HP: 92/114 MP: 23/23
 11122 | Lair:2   | Reached skill level 10 in Conjurations
 11845 | Lair:3   | Noticed a boulder beetle
 11855 | Lair:3   | Killed a boulder beetle
 11856 | Lair:3   | Reached skill level 10 in Fighting
 12153 | Lair:3   | Noticed a catoblepas
 12167 | Lair:3   | Killed a catoblepas
 13012 | Lair:4   | Gained mutation: You can use your snake-like lower body to
                  | constrict enemies. [Naga growth]
 13012 | Lair:4   | Reached XP level 13. HP: 126/126 MP: 26/26
 13046 | Lair:4   | Found a staircase to the Shoals.
 14117 | Lair:5   | Reached skill level 10 in Spellcasting
 14154 | Lair:5   | Found a staircase to the Slime Pits.
 14326 | Lair:5   | Identified the +4 chain mail of the Goldsmith {+Inv rC++
                  | MP-9 Dex-3}
 14802 | Lair:5   | Learned a level 3 spell: Mephitic Cloud
 14983 | Lair:6   | Entered Level 6 of the Lair of Beasts
 16600 | Lair:6   | Reached XP level 14. HP: 141/142 MP: 23/28
 17446 | Lair:6   | Learned a level 5 spell: Irradiate
 17917 | Lair:6   | Acquired the amulet "Wirrorrint" {Acrobat rElec MP+9 Str+2
                  | Dex-3}
 18174 | D:7      | Killed Maggie
 18284 | D:7      | Learned a level 5 spell: Bolt of Magma
 18891 | D:9      | Noticed Harold
 18891 | D:9      | Noticed Pikel
 18897 | D:9      | Killed Pikel
 18898 | D:9      | Reached skill level 1 in Earth Magic
 18902 | D:9      | Killed Harold
 18903 | D:9      | Reached skill level 15 in Fighting
 19350 | D:9      | Found a glowing silver altar of Zin.
 19351 | D:9      | Found a hazy altar of Hepliaklqana.
 19435 | D:10     | Entered Level 10 of the Dungeon
 19477 | D:10     | Found a bloodstained altar of Trog.
 19651 | D:10     | Identified the ring of Lufiugud {+Blink rF- rC+ Will+++}
 20081 | D:11     | Found Sumecon's Armour Shoppe.
 20081 | D:11     | Found a staircase to the Orcish Mines.
 20102 | D:11     | Bought the +2 hood of the Assassin {Detection Stab+
                  | Stlth++} for 900 gold pieces
 20102 | D:11     | Found the +2 hood of the Assassin {Detection Stab+ Stlth++}
 20235 | D:11     | Noticed Josephine
 20251 | D:11     | Killed Josephine
 20425 | D:11     | Found a hide-covered altar of Uskayaw.
 20600 | D:11     | Noticed Psyche
 20605 | D:11     | Killed Psyche
 21056 | Orc:1    | Entered Level 1 of the Orcish Mines
 21101 | Orc:1    | Found Tomipas's Jewellery Emporium.
 21110 | Orc:1    | Bought the ring of Ashenzari's Grace {rF+ rC+ Int+3} for
                  | 679 gold pieces
 21273 | Orc:2    | Entered Level 2 of the Orcish Mines
 21393 | Orc:2    | Noticed Azrael
 21537 | Orc:2    | Killed Azrael
 21700 | Orc:2    | Noticed Jorgrun
 21748 | Orc:1    | Reached skill level 5 in Earth Magic
 21860 | Orc:1    | Found Fusuuc's Antique Armour Emporium.
 21874 | Orc:1    | Bought a pair of spiked gloves for 351 gold pieces
 21874 | Orc:1    | Identified the +0 pair of gloves of Vimywk Fira {Str+4}
                  | (You bought it in a shop on level 1 of the Orcish Mines)
 22048 | Orc:2    | Killed Jorgrun
 22049 | Orc:2    | Reached XP level 15. HP: 95/154 MP: 3/29
 22050 | Orc:2    | Reached skill level 5 in Dodging
 22269 | Orc:2    | Found Ereud's Magic Scroll Shop.
 22380 | Orc:2    | Found Nutiam's Magic Scroll Boutique.
 22539 | Orc:2    | Bought a scroll of acquirement for 572 gold pieces
 22541 | Orc:2    | Bought 2 scrolls of blinking for 225 gold pieces
 22694 | Orc:2    | Found a staircase to the Elven Halls.
 22742 | Orc:2    | Noticed Erolcha
 22751 | Orc:2    | Killed Erolcha
 22772 | Orc:2    | Acquired 767 gold pieces
 23039 | Orc:2    | Found Ecreipt's Magic Scroll Shop.
 23896 | Orc:2    | Found Ozeqeq's Antique Armour Emporium.
 23896 | Orc:2    | Found Bausum's Book Shoppe.
 23897 | Orc:2    | Found a one-way gate leading to the halls of Pandemonium.
 23899 | Orc:2    | Bought a faintly glowing leather armour for 217 gold pieces
 23899 | Orc:2    | Identified the +1 leather armour of Daor {Str+2 Dex+4} (You
                  | bought it in a shop on level 2 of the Orcish Mines)
 24295 | D:12     | Noticed Frances
 24296 | D:12     | Noticed Nessos
 24784 | D:12     | Killed Frances
 24932 | D:12     | Found a shadowy altar of Dithmenos.
 24945 | D:12     | Killed Nessos
 25031 | D:12     | Noticed Rupert
 25041 | D:12     | Paralysed by Rupert for 3 turns
 25050 | D:12     | Killed Rupert
 26269 | D:13     | Found Ywnihaom's Weapon Shop.
 26635 | D:13     | Reached XP level 16. HP: 163/163 MP: 30/30
 26977 | D:14     | Reached skill level 10 in Earth Magic
 28137 | D:14     | Found a gate to the Vaults.
 28319 | D:15     | Entered Level 15 of the Dungeon
 28697 | D:15     | Identified the ring "Viulacom" {rF+ rC- rN+ Str+2 Dex+2}
 28723 | D:15     | Acquired 843 gold pieces
 28821 | D:15     | Paralysed by an ogre mage for 7 turns
 28982 | D:15     | Identified the +4 flail of Raedukha {distort, rPois rF+
                  | rC++ Stlth-}
 29261 | D:15     | Reached skill level 10 in Dodging
 29324 | D:15     | Found a white marble altar of Elyvilon.
 29702 | D:15     | Found a staircase to the Depths.
 30221 | Lair:1   | Bought the +18 shield of the Gong {rElec rN+ Will+ EV-5}
                  | for 2237 gold pieces
 30221 | Lair:1   | Found the +18 shield of the Gong {rElec rN+ Will+ EV-5}
 30391 | Elf:1    | Entered Level 1 of the Elven Halls
 30408 | Elf:1    | Found a frozen archway.
 30583 | IceCv    | Entered an ice cave
 31511 | IceCv    | Noticed an Ice Fiend
 31519 | IceCv    | Killed an Ice Fiend
 31520 | IceCv    | Reached XP level 17. HP: 124/170 MP: 2/31
 31773 | IceCv    | Reached skill level 5 in Shields
 32184 | Elf:1    | Identified the +5 ring mail of the Leaf {Rampage Str+4}
 32361 | Elf:1    | Learned a level 5 spell: Freezing Cloud
 32469 | Elf:1    | Paralysed by an air elemental for 1 turns
 33167 | Elf:1    | Paralysed by an air elemental for 1 turns
 34682 | Elf:2    | Paralysed by an air elemental for 1 turns
 34933 | Elf:2    | Noticed Asterion
 34938 | Elf:2    | Reached skill level 10 in Ice Magic
 35106 | Elf:2    | Reached XP level 18. HP: 147/178 MP: 17/32
 35219 | Elf:1    | Killed Asterion
 35611 | Elf:2    | Found a runed translucent gate.
 35611 | Elf:2    | Found a runed translucent gate.
 35613 | Elf:2    | Found a runed translucent gate.
 35614 | Elf:2    | Noticed a deep elf blademaster
 36448 | Elf:2    | Killed a deep elf blademaster
 36647 | Elf:3    | Entered Level 3 of the Elven Halls
 37163 | Elf:3    | Found Ubrir's Neck Hole.
 37169 | Elf:3    | Acquired 867 gold pieces
 37397 | Elf:3    | Noticed a deep elf blademaster
 37405 | Elf:3    | Killed a deep elf blademaster
 37406 | Elf:3    | Noticed a deep elf blademaster
 37564 | Elf:3    | Found Mittoy's Antique Weapon Shop.
 37619 | Elf:3    | Killed a deep elf blademaster
 37620 | Elf:3    | Reached XP level 19. HP: 187/187 MP: 8/33
 37679 | Elf:3    | Noticed a Tzitzimitl
 37697 | Elf:3    | Noticed a Hell Sentinel
 37712 | Elf:3    | Identified the +8 battleaxe "Hoesk" {flame, Int+2}
 37712 | Elf:3    | Identified the ring of Piet Dyo {+Blink rF+ Stlth+}
 37787 | Elf:3    | Identified the +0 falchion of Hiulesis {holy, rN+ Str+10}
 38122 | Elf:3    | Identified the +4 rapier of Duty {vorpal, rC+}
 38227 | Elf:3    | Identified the +4 spear of Descent {flame, Dex+2}
 38338 | Elf:3    | Identified the +4 halberd "Tudaar" {venom, rElec}
 39021 | Lair:1   | Bought a translucent leather armour for 175 gold pieces
 39021 | Lair:1   | Identified the +1 leather armour "Ihoast" {rElec} (You
                  | bought it in a shop on level 1 of the Lair of Beasts)
 39104 | Shoals:1 | Entered Level 1 of the Shoals
 39423 | Spider:1 | Entered Level 1 of the Spider Nest
 40125 | Spider:1 | Got Sif Muna's Papyrus of Mutagenic Calling
 41184 | Spider:2 | Noticed Arachne
 41198 | Spider:2 | Killed Arachne
 41227 | Spider:2 | Noticed Louise
 41502 | Spider:2 | Killed Louise
 42662 | Spider:3 | Reached XP level 20. HP: 195/196 MP: 36/36
 43078 | Spider:4 | Entered Level 4 of the Spider Nest
 43530 | Spider:4 | Learned a level 6 spell: Statue Form
 44890 | Spider:4 | Got a gossamer rune of Zot
 45613 | Lair:1   | Bought a fabulously ornate robe for 228 gold pieces
 45613 | Lair:1   | Identified the +1 robe of Articulation {Will+ Int+2} (You
                  | bought it in a shop on level 1 of the Lair of Beasts)
 45737 | Shoals:1 | Found a runed translucent door.
 45761 | Shoals:1 | Identified Roxanne's Collected Works on Transmutation
 45761 | Shoals:1 | Noticed Roxanne
 45983 | Lair:1   | Bought a bloodstained leather armour for 280 gold pieces
 45983 | Lair:1   | Identified the +1 leather armour of Sin {rC++ Regen+ Str-3
                  | SInv} (You bought it in a shop on level 1 of the Lair of
                  | Beasts)
 46176 | Shoals:1 | Reached skill level 15 in Earth Magic
 46653 | Shoals:1 | Killed Roxanne
 46904 | Shoals:1 | Upgraded the game from 0.27-a0-1420-g4d0b0a1 to
                  | 0.27-a0-1434-g6f15984
 47489 | Shoals:2 | Reached skill level 1 in Axes
 48090 | Shoals:3 | Acquired 1009 gold pieces
 48298 | Shoals:3 | Reached XP level 21. HP: 188/205 MP: 38/38
 48737 | Shoals:4 | Entered Level 4 of the Shoals
 48744 | Shoals:4 | Noticed Aizul
 48748 | Shoals:4 | Noticed Donald
 48755 | Shoals:3 | Killed Aizul
 49032 | Shoals:4 | Reached skill level 5 in Axes
 49198 | Shoals:4 | Killed Donald
 49915 | Shoals:4 | Got a barnacled rune of Zot
 51308 | Vaults:1 | Entered Level 1 of the Vaults
 51492 | Vaults:1 | Reached skill level 15 in Conjurations
 51703 | Vaults:1 | Found Dolu's Magic Scroll Emporium.
 51708 | Vaults:1 | Found Jagitt's Antique Armour Shop.
 51728 | Vaults:1 | Bought a distressingly furry hat for 225 gold pieces
 51728 | Vaults:1 | Identified the +1 hat "Tumos" {Rampage} (You bought it in a
                  | shop on level 1 of the Vaults)
 51856 | Vaults:1 | Found a runed translucent door.
 51856 | Vaults:1 | Noticed Veggoist's ghost (veteran GrGl)
 52055 | Vaults:1 | Found Opsostroa's General Store.
 52283 | Vaults:1 | Reached XP level 22. HP: 213/213 MP: 40/40
 52365 | Vaults:1 | Found Aviamez's Distillery.
 52373 | Vaults:1 | Bought a potion of magic for 152 gold pieces
 52373 | Vaults:1 | Bought a potion of heal wounds for 95 gold pieces
 52394 | Vaults:1 | Found Ukuyts's Weapon Shoppe.
 52497 | Vaults:1 | Killed Veggoist's ghost
 52584 | Vaults:1 | Reached skill level 10 in Axes
 52937 | Vaults:2 | Found a ruined gateway.
 52953 | Desolati | Entered the Desolation of Salt
 53048 | Desolati | Learned a level 8 spell: Lehudib's Crystal Spear
 53554 | Desolati | Reached skill level 15 in Spellcasting
 53647 | Desolati | Got Vietoh's Handbook of Fiery Combat Magic
 53823 | Desolati | Got the Incunabulum of Poison
 53839 | Desolati | Identified the ring of Gaosol {Fly rC+}
 54623 | Vaults:2 | Reached XP level 23. HP: 220/220 MP: 42/42
 55054 | Vaults:2 | Found a staircase to the Crypt.
 55054 | Vaults:2 | Found a basalt altar of Yredelemnul.
 55055 | Vaults:2 | Found an ancient bone altar of Kikubaaqudgha.
 55765 | Lair:1   | Bought a scroll of blinking for 225 gold pieces
 56302 | Vaults:3 | Found a runed translucent door.
 56302 | Vaults:3 | Noticed Toastz's ghost (adept HOMo)
 56790 | Vaults:3 | Found Deib's Distillery.
 56867 | Vaults:3 | Bought a potion of magic for 184 gold pieces
 56867 | Vaults:3 | Bought a potion of heal wounds for 115 gold pieces
 56867 | Vaults:3 | Bought a potion of magic for 184 gold pieces
 56917 | Vaults:3 | You fall into a shaft and drop 1 floor!
 56968 | Vaults:3 | Found the +9 heavy crossbow "Sniper" {vorpal, Acc+∞ SInv}
 56968 | Vaults:3 | Identified the ring "Pioquk" {+Blink rPois Will+ Int+4}
 57054 | Vaults:3 | You fall into a shaft and drop 1 floor!
 57563 | Vaults:3 | Killed Toastz's ghost
 57573 | Vaults:3 | Got the Collected Works on the Voyage and Poison
 57715 | Vaults:4 | Reached XP level 24. HP: 190/229 MP: 43/43
 58526 | Vaults:5 | Entered Level 5 of the Vaults
 58760 | Vaults:5 | Noticed a dread lich
 58850 | Vaults:5 | Paralysed by a dread lich for 5 turns
 58858 | Vaults:5 | Killed a dread lich
 58858 | Vaults:5 | Gained mutation: Your spells are a little easier to cast,
                  | but a little less powerful. [mutagenic glow]
 59287 | Vaults:5 | Identified the +4 trident of Inflation {flame, Will+ rCorr
                  | Int+3}
 59608 | Vaults:5 | Noticed an ancient lich
 59618 | Vaults:5 | Killed an ancient lich
 59765 | Vaults:5 | Identified the +6 hand axe of Punishment {vorpal, *Slow
                  | rPois rF+ Str+5}
 59788 | Vaults:5 | Identified the amulet "Dewof" {Reflect Str+4 SH+5}
 59852 | Vaults:5 | Identified the +5 war axe of the Freezing Lamprey {elec,
                  | rCorr Dex+3 SInv}
 60158 | Vaults:5 | Reached XP level 25. HP: 194/236 MP: 43/43
 60174 | Vaults:5 | Noticed an ancient lich
 60314 | Vaults:5 | Killed an ancient lich
 60336 | Vaults:5 | Identified the +6 morningstar "Beast's Undoing" {holy, rN+
                  | Str+6 Stlth-}
 60499 | Vaults:5 | Found Hierocso's Distillery.
 60504 | Vaults:5 | Bought a potion of heal wounds for 60 gold pieces
 60504 | Vaults:5 | Bought a potion of magic for 96 gold pieces
 60504 | Vaults:5 | Bought a potion of magic for 96 gold pieces
 60504 | Vaults:5 | Bought a potion of heal wounds for 60 gold pieces
 60544 | Vaults:5 | Found Ykhutir's Magic Scroll Shoppe.
 60549 | Vaults:5 | Bought a scroll of teleportation for 30 gold pieces
 60557 | Vaults:5 | Found Cynaocw's Magic Scroll Shop.
 60569 | Vaults:5 | Bought a scroll of teleportation for 48 gold pieces
 60569 | Vaults:5 | Bought a scroll of blinking for 120 gold pieces
 60694 | Vaults:5 | Found Lyfemao's Magic Scroll Emporium.
 60702 | Vaults:5 | Bought a scroll of blinking for 112 gold pieces
 60702 | Vaults:5 | Bought a scroll of teleportation for 45 gold pieces
 60738 | Vaults:5 | Got a silver rune of Zot
 61414 | Depths:1 | Entered Level 1 of the Depths
 61534 | Depths:1 | Found a sacrificial altar of Ru.
 61851 | Depths:1 | Found Celacsas's Book Shop.
 61856 | Depths:1 | Found a gateway to a ziggurat.
 62000 | Depths:1 | Found a gateway to Hell.
 62119 | Depths:1 | Identified the +1 arbalest of Vyomud {venom, rF+ rCorr}
 63576 | Depths:2 | Reached XP level 26. HP: 213/244 MP: 44/44
 64098 | Depths:3 | Found a one-way gate to the infinite horrors of the Abyss.
 64687 | Depths:3 | Found a runed translucent door.
 64997 | Depths:3 | Cast into level 2 of the Abyss (hell knight)
 65093 | Abyss:2  | Found a corrupted altar of Lugonu.
 65302 | Abyss:2  | Found a corrupted altar of Lugonu.
 65459 | Abyss:2  | Paralysed by accursed screaming for 1 turns
 65497 | Depths:3 | Escaped the Abyss
 65643 | Depths:3 | Identified the ring of Yleunt {Ice rN+ rCorr}
 65762 | Depths:4 | Found a corrupted altar of Lugonu.
 65798 | Depths:4 | Reached skill level 15 in Ice Magic
 65908 | Depths:4 | Noticed Mennas
 65925 | Depths:4 | Killed Mennas
 66224 | Depths:4 | Reached skill level 15 in Axes
 66260 | Depths:4 | Found a runed translucent gate.
 66260 | Depths:4 | Found a runed translucent gate.
 66260 | Depths:4 | Found a runed translucent gate.
 66261 | Depths:4 | Found a viscous altar of Jiyva.
 66261 | Depths:4 | Noticed lightray's ghost (veteran HuCK)
 66804 | Depths:4 | Identified the +1 robe of Hairy Lucidity {MP+9}
 66866 | Depths:4 | Reached XP level 27. HP: 251/252 MP: 24/45
 67054 | Depths:4 | Killed lightray's ghost
 67080 | Depths:4 | Identified the amulet of Kivitu Deeq {Spirit Will- Str+6}
 67095 | Depths:4 | Identified the +8 hunting sling of Blood {vorpal, rF+
                  | Dex+3}
 67123 | Depths:4 | Acquired the +14 obsidian axe {vorpal, Drain Fly SInv}
 67124 | Depths:4 | Found the +14 obsidian axe {vorpal, Drain Fly SInv}
 67132 | Depths:5 | Entered Level 5 of the Depths
 67148 | Depths:5 | Found an iron altar of Okawaru.
 67268 | Depths:5 | Noticed Sojobo
 67290 | Depths:5 | Killed Sojobo
 67693 | Depths:5 | Found a gate to the Realm of Zot.
 67870 | Depths:5 | Learned a level 2 spell: Blink
 67878 | Depths:5 | Learned a level 7 spell: Orb of Destruction
 68101 | Depths:5 | Found a glowing golden altar of the Shining One.
 69034 | Crypt:1  | Entered Level 1 of the Crypt
 69668 | Crypt:1  | Noticed Saint Roka
 69701 | Crypt:1  | Killed Saint Roka
 69818 | Crypt:1  | You fall into a shaft and drop 1 floor!
 70034 | Crypt:2  | Found a transporter.
 70667 | Crypt:1  | Found an ancient bone altar of Kikubaaqudgha.
 70848 | Crypt:2  | Noticed a dread lich
 70859 | Crypt:2  | Killed a dread lich
 70877 | Crypt:2  | HP: 3/327 [Hell Sentinel/damnation[a Zot trap] (30)]
 70878 | Crypt:2  | Killed from afar by a Hell Sentinel

Illustrated notes

Levels and vault maps discovered:
D:1:      sevenhm_arrival_forest_fort_small_4, layout_loops_ring
D:2:      layout_basic, basic_altar
D:3:      minmay_inner_zag, layout_basic, serial_shops, shop,
          corexii_corridor_pit
D:4:      layout_cave_pools, minmay_temple_entry_purple_smoke, minmay_quantized,
          uniq_blork_the_orc
D:5:      layout_cave_pods, jmf_multi_god_temple, minmay_manual_mail
D:6:      layout_cave_pools, cheibrodos_sewer_entry_sluice
D:7:      layout_loops_cross, fedhas_altar_1, uniq_maggie
D:8:      layout_gridville, lair_entry_dummy, enter_bailey_3
D:9:      layout_roguey, gammafunk_temple_overflow_statue,
          chequers_serial_rivers_micro_e, uniq_harold, uniq_pikel
D:10:     layout_roguey, trog_three_pillars_becter
D:11:     layout_loops_ring, orc_david_3, nicolae_uskayaw_suspiria,
          uniq_josephine, uniq_psyche
D:12:     layout_long_grid, nicolae_dithmenos_the_darkroom, uniq_rupert,
          uniq_nessos, uniq_frances
D:13:     layout_roguey, serial_shops, nicolae_inconvenience_store,
          lightli_minifort
D:14:     layout_small_grid, hangedman_vaults_entry_quadrant_bands
D:15:     grunt_enter_depths_hoard, layout_basic, nicolae_elyvilon_temple_path,
          serial_rivers, chequers_serial_rivers_micro_b,
          chequers_serial_rivers_micro_c, chequers_serial_rivers_micro_a,
          chequers_serial_rivers_room_a, chequers_serial_rivers_marsh,
          minmay_the_grid_square_5x5_3x3_mashed
          [minmay_the_grid_square_5x5_eight,
          minmay_the_grid_square_5x5_spiral_small,
          minmay_the_grid_square_5x5_trominoes, minmay_the_grid_square_5x5_comb,
          minmay_the_grid_square_5x5_megaprize_open,
          minmay_the_grid_square_5x5_spiral, minmay_the_grid_square_5x5_shrine1,
          minmay_the_grid_square_5x5_inverted_slash,
          minmay_the_grid_square_5x5_bite]
Temple:   eino_temple_scatter_basement
Lair:1:   layout_gridlike, wad_woods_road_04, serial_bayou_shore_b
Lair:2:   lemuel_ratsnest, layout_hall_layers, dummy_spider_entry, special_room
          [special_room_bee], beast_lair_carwin_7
Lair:3:   layout_hall_layers, beast_lair_carwin_9
Lair:4:   layout_hall_layers, elwin_shoals_entry_rooms,
          cheibrodos_lair_caveside_slide, grunt_forest_stairs_basic,
          grunt_megastairs_2, minmay_lair_oklob_chamber
Lair:5:   layout_roguey, minmay_slime_entry_pillars
Lair:6:   minmay_lair_end_frog_pond, layout_misc_corridors, lemuel_fruit_tree
Shoals:1: layout_shoals, nicolae_shoals_circle_sea_wall, lightli_airlock,
          uniq_roxanne
Shoals:2: layout_shoals
Shoals:3: layout_shoals
Shoals:4: shoals_end_grunt_garden, layout_shoals, kb_tengu_band, uniq_aizul,
          uniq_donald
Spider:1: layout_chambers
Spider:2: layout_spider_delve, uniq_louise, uniq_arachne
Spider:3: layout_spider_delve
Spider:4: guppyfry_spider_rune, spiders_nest_ghost_moth_duel
Orc:1:    layout_caves, basic_altar, serial_shops, shop, nicolae_shop_waterfront
Orc:2:    pf_orc_diabolical, layout_caves, serial_shops,
          nicolae_shop_behind_doors, minmay_orc_temple_a, uniq_erolcha,
          uniq_azrael, uniq_jorgrun
Elf:1:    layout_geoelf_diagonals, portal_ice_cave_entry_ice_statue_two,
          evilmike_minifort, grunt_megastairs_1
Elf:2:    layout_rooms, grunt_megastairs_4, uniq_asterion
Elf:3:    minmay_elf_hall_statues, layout_gridlike, serial_shops, shop,
          grunt_ministairs_7, nicolae_shop_sticking_my_neck_out
Vaults:1: gammafunk_vaults_ghost_grave, nicolae_vaults_circle_grid_a, v_misc_17,
          nicolae_vaults_twisting_passages, nicolae_vaults_network_periphery,
          v_misc_3, nicolae_vaults_little_squares_3, v_alt_pattern_5,
          vaults_room_door_hall, layout_vaults_big_room, serial_shops, shop,
          shop_scrolls, nicolae_shop_stone, shop, shop
Vaults:2: ontoclasm_vaults_misaligned, v_pattern_5,
          nicolae_vaults_quartermaster, vaults_mumra_minichess_inversion,
          vaults_standard_mumra_enter_the_diamond, vaults_room_corners,
          layout_vaults_omnigrid, minmay_crypt_entry_necro_gods,
          portal_desolation_entry_salt
Vaults:3: gammafunk_vaults_ghost_grave, vaults_room_hangedman_quadrants,
          nicolae_vaults_network_star, v_misc_5, vaults_room_pool,
          nicolae_vaults_big_angled_halls, ontoclasm_vaults_twist,
          hangedman_vaults_cutoff, hangedman_vaults_slice,
          nicolae_vaults_little_squares_6, vaults_dpeg_hooks,
          layout_vaults_ring, serial_shops, nicolae_shop_statue_plus
Vaults:4: nicolae_vaults_big_angled_halls, ontoclasm_vaults_ring_large,
          nicolae_vaults_alarming, hangedman_vaults_slice, vaults_dpeg_doors,
          v_misc_9, nicolae_vaults_three_branches, vaults_room_pools,
          ontoclasm_vaults_chip, nicolae_vaults_big_ls, ontoclasm_vaults_hangar,
          vaults_dpeg_encased_lava, layout_vaults_omnibox, uniq_margery
Vaults:5
Crypt:1:  layout_basic, st_stairs_14, lemuel_mausoleum_altar_kikubaaqudgha,
          grunt_crypt_arrival_guarded_gate, roderic_lattice_octagonal_star,
          uniq_saint_roka
Crypt:2:  gammafunk_its_a_trap, layout_gridlike
Depths:1: layout_basic, enter_ziggurat_b, hangedman_geh_valley,
          minmay_misc_feat_chi, serial_shops, shop, st_stairs_3,
          kennysheep_donut, nicolae_ru_sacrificial_ziggurat,
          serial_bayou_shore_b
Depths:2: minmay_octo_star, layout_honeycomb, grunt_hell_entry_dis_mu
Depths:3: nzn_winding_woodlands_three_and_one [nzn_winding_woodlands_5x15_twine,
          nzn_winding_woodlands_5x15_split_checker,
          nzn_winding_woodlands_5x15_garden,
          nzn_winding_woodlands_center_lodge], layout_gridlike,
          rand_demon_pan_entry_3, hell_entry, chequers_serial_rivers_micro_b,
          abyss_entry_glasseish, minmay_crystal_box, minmay_staircase_statues
Depths:4: lemuel_traditional_vault, layout_basic, abyss_entry_flame_altar,
          hell_entry, gammafunk_ghost_ooze, hangedman_decor_clover_reticule,
          infiniplex_staircase_zigzag_1, uniq_mennas
Depths:5: evilmike_zot_entry_argh, layout_gridlike, tso_altar,
          hangedman_coc_ice_floe, st_stairs_5, kennysheep_okawaru_gauntlet,
          uniq_sojobo

Skill      XL: |  1  2  3  4  5  6  7  8  9 10 11 12 13 14 15 16 17 18 19 20 21 22 23 24 25 26 27 |
---------------+----------------------------------------------------------------------------------+-----
Stealth        | 4 5 6 7 9 10 12 13 | 13.0
Spellcasting   | 3 4 5 6 7 9 10 12 13 14 15 16 17 18 | 18.7
Ice Magic      | 5 6 7 8 10 12 15 17 | 17.5
Conjurations   | 2 3 5 7 8 9 11 12 13 14 15 16 17 18 19 20 | 20.0
Fighting       | 7 9 10 13 15 16 | 16.0
Shields        | 2 4 9 |  9.0
Earth Magic    | 5 9 11 12 13 15 16 17 18 19 20 | 20.0
Dodging        | 4 8 10 12 | 12.0
Axes           | 2 9 12 13 14 15 17 | 17.4

Action                   |  1- 3 |  4- 6 |  7- 9 | 10-12 | 13-15 | 16-18 | 19-21 | 22-24 | 25-27 || total
-------------------------+-------+-------+-------+-------+-------+-------+-------+-------+-------++-------
Melee: Short sword       |     1 |     5 |       |       |       |       |       |       |       ||     6
       Staff             |       |    10 |    14 |       |       |       |       |       |       ||    24
       Flail             |       |       |    56 |    52 |       |       |       |       |       ||   108
       Mace              |       |       |       |    85 |   465 |   473 |   421 |       |       ||  1444
       Constrict         |       |       |       |       |   140 |   102 |   134 |   158 |   173 ||   707
       Broad axe         |       |       |       |       |       |       |   147 |   821 |  1058 ||  2026
Throw: Stone             |    14 |     8 |    14 |    36 |    85 |    33 |    28 |     5 |     5 ||   228
 Cast: Freeze            |    25 |    20 |     2 |    17 |     2 |       |       |       |       ||    66
       Frozen Ramparts   |       |    17 |    38 |    90 |   100 |    52 |    39 |     1 |     3 ||   340
       Searing Ray       |       |     8 |    43 |    53 |    41 |     2 |       |       |       ||   147
       Ozocubu's Armour  |       |     2 |    18 |    55 |    51 |    21 |    10 |       |       ||   157
       Stone Arrow       |       |       |       |    49 |    87 |    36 |    57 |     4 |       ||   233
       Hailstorm         |       |       |       |    10 |     1 |       |       |       |       ||    11
       Iskenderun's Myst |       |       |       |     4 |    18 |       |       |       |       ||    22
       Irradiate         |       |       |       |       |    44 |    76 |    92 |    38 |    32 ||   282
       Mephitic Cloud    |       |       |       |       |    26 |     7 |       |     1 |       ||    34
       Bolt of Magma     |       |       |       |       |    48 |   128 |    88 |    14 |       ||   278
       Freezing Cloud    |       |       |       |       |       |    31 |    69 |    14 |    14 ||   128
       Statue Form       |       |       |       |       |       |       |    14 |    13 |    16 ||    43
       Lehudib's Crystal |       |       |       |       |       |       |       |    33 |    91 ||   124
       Orb of Destructio |       |       |       |       |       |       |       |       |    12 ||    12
Invok: Call Merchant     |       |       |       |     3 |     2 |       |     4 |     1 |     1 ||    11
 Abil: Spit Poison       |    36 |    36 |    25 |    22 |    15 |     5 |    14 |       |     1 ||   154
Evoke: Wand              |       |       |       |     2 |       |     5 |    16 |       |       ||    23
       Lightning rod     |       |       |       |       |       |       |    11 |       |       ||    11
       Box of beasts     |       |       |       |       |       |       |     3 |       |       ||     3
  Use: Scroll            |     1 |     4 |     1 |     4 |    11 |    20 |    22 |     2 |     1 ||    66
       Potion            |       |       |       |     1 |     2 |     4 |     6 |     3 |     9 ||    25
 Stab: Petrified         |       |       |       |     4 |       |       |       |       |       ||     4
       Sleeping          |       |       |       |       |    10 |     9 |     4 |    72 |    53 ||   148
       Confused          |       |       |       |       |     3 |     5 |       |       |       ||     8
       Distracted        |       |       |       |       |     3 |     1 |    13 |    31 |    36 ||    84
Armor: Robe              |     8 |    12 |    93 |    39 |       |       |       |       |       ||   152
       Leather armour    |       |       |       |    93 |   310 |   246 |   381 |   252 |   299 ||  1581
       Skin              |       |       |       |       |       |       |   170 |   113 |   149 ||   432
Dodge: Dodged            |    14 |    20 |    74 |   132 |   355 |   221 |   383 |   349 |   499 ||  2047
Block: Buckler           |       |       |       |       |    91 |    51 |       |       |       ||   142
       Kite shield       |       |       |       |       |       |   497 |  1530 |   482 |   580 ||  3089
       Reflection        |       |       |       |       |       |       |    15 |    32 |     9 ||    56

Table legend: (Time is in decaauts)
 A = Elapsed time spent in this place.
 B = Non-inter-level travel time spent in this place.
 C = Inter-level travel time spent in this place.
 D = Time resting spent in this place.
 E = Time spent auto-exploring this place.
 F = Levels seen in this place.
 G = Mean time per level.
                   A        B        C        D        E       F      G
               +--------+--------+--------+--------+--------+-----+--------+
         Total |  89734 |  80672 |   9062 |  18148 |  42846 |  51 | 1759.5 |
       Dungeon |  23403 |  19654 |   3749 |   3681 |  11906 |  15 | 1560.2 |
        Temple |    302 |    277 |     25 |      0 |    268 |   1 |  302.0 |
          Lair |  13652 |  11899 |   1753 |   3627 |   6126 |   6 | 2275.3 |
        Shoals |   7334 |   6330 |   1004 |   1205 |   3458 |   4 | 1833.5 |
   Spider Nest |   6417 |   6177 |    240 |   1762 |   3261 |   4 | 1604.2 |
  Orcish Mines |   3778 |   3561 |    217 |   1182 |   1331 |   2 | 1889.0 |
   Elven Halls |   8321 |   7902 |    419 |   3209 |   2586 |   3 | 2773.7 |
        Vaults |  10721 |   9626 |   1095 |   1058 |   5970 |   5 | 2144.2 |
         Crypt |   2387 |   2245 |    142 |    121 |   1535 |   2 | 1193.5 |
        Depths |   8654 |   8239 |    415 |    760 |   5131 |   5 | 1730.8 |
         Abyss |    600 |    600 |      0 |    174 |      0 |   1 |  600.0 |
        Bailey |   1226 |   1226 |      0 |    449 |    345 |   1 | 1226.0 |
      Ice Cave |   1616 |   1616 |      0 |    914 |    208 |   1 | 1616.0 |
    Desolation |   1316 |   1316 |      0 |      0 |    715 |   1 | 1316.0 |
               +--------+--------+--------+--------+--------+-----+--------+

Top non-repeatable levels by time:
   Elf:1: 4015 daAuts
   Orc:2: 2864 daAuts
  Lair:5: 2831 daAuts
    D:14: 2710 daAuts
  Lair:4: 2681 daAuts
  Lair:2: 2656 daAuts
   Elf:3: 2623 daAuts
Vaults:2: 2298 daAuts
Vaults:4: 2255 daAuts
Shoals:3: 2242 daAuts
  Lair:6: 2218 daAuts
Vaults:1: 2216 daAuts
    D:11: 2206 daAuts
Vaults:5: 2150 daAuts
  Lair:1: 2150 daAuts
